Unix NetHack Version 5.0.0-0 post-release - last build Jun 10 2026 00:39:30 (3ee93aec679c4c4259841fe613dc97188e26a321,branch:main).

Game began 2026-06-19 12:37:49, ended 2026-06-20 12:06:25.

Eymerich, chaotic male elven Priest

  -----------
  |....).....##
  |.(.......| #        #--------------------------------
  |<...[....|###########|........................[.....|
  ----.--.---  ##      #..------|--------------..-----.|
         #      #       |.|....|..|...|.   |..-..|...|.|
         #              |.|... |..|...|.   |..|..|...|.|
         #              |.--|-----|...||------|..-...|.|
         #              |......|..|...|.|..|!%|.-----|.|
         #              |.----.|..|-|--.|..|%.|.-....|.|
         #              |.|..|.--|-.....-|-|..|.|.._.|.|
         #              |.|..-.............--|-.| ...|.|
        ##              |.|-----|-.-----|-......| ...|.|
    ----.---            |.|..|.(.|.|..|(.|....-------|.|
    |...^..|            |.|..|.(.|.-..|.+|....|{.|%!.-.|
    |......|            |.|..|(((|.---|%/|....|..|.%.|.|
    |>.....-######d#@u  |.--|-----....----....-|------..
    |......|            |..............................|
    --------            --------------------------------

Eymerich the Adept           St:14 Dx:16 Co:16 In:8 Wi:20 Ch:10  Chaotic
Dlvl:8  $:251 HP:0(71) Pw:87(110) AC:-1 Xp:8 T:9813  Satiated Burdened

Latest messages:
 Never mind.
 You fail to cast the spell correctly.
 The mountain nymph stole a candle.
 The mountain nymph vanishes!
 You see here a partly eaten red naga hatchling corpse.
 There is a partly eaten red naga hatchling corpse here; eat it? [ynq] (n)
 You resume your meal.
 You finish eating the red naga hatchling corpse.
 You hear a gurgling noise.
 Pinky misses the mountain nymph.
 Pinky bites the mountain nymph.
 The mountain nymph pretends to be friendly to Pinky.
 The mountain nymph pretends to be friendly to Pinky.
 The mountain nymph jumps onto a teleportation trap!
 You hear a slow drip.
 The warhorse kicks!
 The warhorse misses!
 The warhorse kicks!
 The warhorse bites!
 You hit the warhorse.
 The warhorse kicks!
 The warhorse bites!
 The warhorse kicks!
 The warhorse bites!
 The warhorse misses!
 The warhorse bites!
 The warhorse just misses!
 The warhorse misses!
 You hit the warhorse!
 The warhorse kicks!
 The warhorse misses!
 The warhorse kicks!
 The warhorse bites!
 You hit the warhorse!
 The warhorse just misses!
 The warhorse bites!
 The warhorse kicks!
 The warhorse just misses!
 You hit the warhorse.
 The warhorse kicks!
 The warhorse bites!
 The warhorse kicks!
 The warhorse bites!
 The warhorse kicks!
 The warhorse bites!
 The warhorse kicks!
 You die...
 Do you want your possessions identified? [ynq] (y)
 Do you want to see your attributes? [ynq] (y)
 Do you want an account of creatures vanquished? [ynaq] (y)

Inventory:
 Coins    ('$')
  $ - 251 gold pieces
 Weapons  (')')
  j - 3 +0 arrows
  Y - a +0 bow
  n - 13 blessed +0 darts
  o - a +1 dart
  h - 5 blessed +1 shuriken (at the ready)
  R - 6 +0 daggers
  y - a +1 orcish dagger
  Q - 5 +0 orcish daggers
  a - a blessed +1 mace (weapon in right hand)
 Armor    ('[')
  D - a +0 pair of high boots
  A - a blessed +0 pair of levitation boots
  X - a blessed +0 dwarvish cloak
  l - a +0 mummy wrapping
  b - a +0 robe
  E - a +0 robe (being worn)
  P - a +4 elven mithril-coat (being worn)
 Comestibles  ('%')
  I - a slime mold
  M - a cram ration
  c - a fortune cookie
  m - 2 fortune cookies
  w - a lembas wafer
  f - a sprig of wolfsbane
  u - a lichen corpse
  d - 3 lizard corpses
 Scrolls  ('?')
  L - a scroll of gold detection
  r - a scroll of stinking cloud
  i - a scroll of taming
  z - a scroll of teleportation
 Potions  ('!')
  p - a potion of extra healing
  q - a potion of full healing
  N - 2 potions of healing
  t - a potion of unholy water
 Wands    ('/')
  C - a cursed wand of speed monster (0:3)
  S - a wand of teleportation (0:8)
 Tools    ('(')
  V - a sack containing 7 items
  G - a magic whistle
  k - a skeleton key
  B - a +0 unicorn horn
  W - 2 wax candles
 Gems/Stones  ('*')
  F - an emerald named hard
  J - a fluorite stone named soft
  g - an opal named soft
  T - a worthless piece of yellow glass named soft

Contents of the sack:
  1743 gold pieces
  a blessed +0 sling
  a blessed +1 dwarvish mattock
  a lembas wafer
  a scroll of teleportation
  2 potions of holy water
  a magic marker (0:22)

Eymerich the Priest's attributes:

Background:
 You were an Adept, a level 8 elven Priest.
 You were chaotic, on a mission for Susanowo
 who was opposed by Amaterasu Omikami (lawful) and Raijin (neutral).
 You were right-handed.
 You were in the Gnomish Mines, on level 8.
 You entered the dungeon 9813 turns ago.
 You had 2054 experience points, 506 more were needed to attain level 9.

Basics:
 You had 0 out of 71 hit points.
 You had 87 out of 110 energy points (spell power).
 Your armor class was -1.
 Your wallet contained 251 zorkmids, and
 you had 1743 more stashed away in your pack.
 Autopickup was off.

Final Characteristics:
 Your strength was 14 (limit:18).
 Your dexterity was 16 (limit:18).
 Your constitution was 16 (limit:16).
 Your intelligence was 8 (limit:20).
 Your wisdom was 20 (limit:20).
 Your charisma was 10 (limit:18).

Final Status:
 You were satiated.
 You were burdened; movement was slightly slowed.
 You were wielding a mace.
 You were skilled in mace and could have enhanced that.

Final Attributes:
 You were piously aligned.
 You were sleep resistant.
 You were poison resistant.
 You were telepathic.
 You had infravision.
 You were guarded.
 Your spell casting was impaired by metallic armor, mitigated by your robe.
 You are dead.

Miscellaneous:
 You encountered 1 bones level.
 Total elapsed playing time was 3 hours, 29 minutes and 40 seconds.

Major events:
 Turn
    1: Eymerich the chaotic elven Priest entered the dungeon
 1221: attained the rank of Acolyte (level 3)
 1939: read a Discworld novel
 3073: entered the Gnomish Mines
 3599: attained the rank of Adept (level 6)
 9143: reached Mine Town
 9813: killed by a warhorse

Spells:
 Name                 Level Category     Fail Retention
 detect monsters        1   divination    12%   51%-75%
 healing                1   healing        0%   51%-75%
 light                  1   clerical      12%   71%-80%
 magic missile          2   attack        63%  76%-100%
 detect food            2   divination    63%  76%-100%

Skills:
 Fighting Skills
   bare handed combat [Unskilled]
 Weapon Skills
   club               [Unskilled]
   mace               [Skilled]
   morning star       [Unskilled]
   flail              [Unskilled]
   hammer             [Unskilled]
   quarterstaff       [Unskilled]
   polearms           [Unskilled]
   spear              [Unskilled]
   trident            [Unskilled]
   lance              [Unskilled]
   bow                [Unskilled]
   sling              [Unskilled]
   crossbow           [Unskilled]
   dart               [Unskilled]
   shuriken           [Unskilled]
   boomerang          [Unskilled]
   unicorn horn       [Unskilled]
 Spellcasting Skills
   healing spells     [Unskilled]
   divination spells  [Unskilled]
   clerical spells    [Basic]

Voluntary challenges:
 Character rerolling was not enabled.
 You never genocided any monsters.
 You never polymorphed an object.
 You never changed form.
 You used no wishes.
Achievements:
 You entered a shop.
 You attained the rank of Acolyte.
 You read from a Discworld novel.
 You entered the Gnomish Mines.
 You attained the rank of Adept.
 You entered Minetown.

 The Dungeons of Doom: levels 1 to 5
    Level 1:
    Level 2: "vault"
       A general store.
    Level 3:
       A scroll shop.
    Level 4: "chest 24 items"
       A fountain, a sink.
       Stairs down to The Gnomish Mines.
    Level 5:
       An altar, a sink.
 The Gnomish Mines: levels 5 to 8
    Level 5:
    Level 6:
    Level 7:
       A grave.
       Final resting place for
          statico-Val-Dwa-Fem-Law, killed by a straw golem, while frozen by a potion.
    Level 8: <- You were here.
       Many shops, an altar, a sink.
       Final resting place for
          you, killed by a warhorse.


Vanquished creatures:
  a ghost
  a small mimic
  a watchman
  a giant beetle
  a quivering blob
  a wolf
  6 leprechauns
  2 gnome rulers
  3 lizards
  a chickatrice
  a housecat
  a jaguar
  a dwarf leader
  2 blue jellies
  a black unicorn
  a dust vortex
  3 apes
  4 human zombies
  2 wood nymphs
  a mountain nymph
 an orc shaman
  a rock mole
  2 ponies
  2 fog clouds
  3 yellow lights
  a shrieker
  5 gnome leaders
  6 gnomish wizards
  a kobold mummy
  2 red naga hatchlings
  a gray ooze
  a ghoul
  2 straw golems
  a giant ant
  2 little dogs
  3 floating eyes
  7 dwarves
  2 kobold leaders
  a kobold shaman
 11 hill orcs
  a rothe
  a rabid rat
  2 centipedes
  3 giant bats
  6 monkeys
  3 orc zombies
  3 iguanas
  3 acid blobs
  4 gas spores
  6 hobbits
  5 manes
  a large kobold
  4 hobgoblins
  4 giant rats
  3 cave spiders
  4 yellow molds
  a green mold
  a red mold
 23 gnomes
 18 garter snakes
  a gnome zombie
  5 geckos
 10 jackals
  2 foxes
  3 kobolds
  4 goblins
  4 sewer rats
 11 grid bugs
  4 bats
  7 lichens
  a kobold zombie
 13 newts
251 creatures vanquished.

No species were genocided or became extinct.

Game over:
                       ----------
                      /          \
                     /    REST    \
                    /      IN      \
                   /     PEACE      \
                  /                  \
                  |     Eymerich     |
                  |     1994 Au      |
                  |   killed by a    |
                  |     warhorse     |
                  |                  |
                  |                  |
                  |       2026       |
                 *|     *  *  *      | *
        _________)/\\_//(\/(/\)/\//\/|_)_______

Goodbye Eymerich the Priest...

You died in The Gnomish Mines on dungeon level 8 with 10381 points,
and 1994 pieces of gold, after 9813 moves.
You were level 8 with a maximum of 71 hit points when you died.

